 Dungeon Crawl Stone Soup version 0.18-a0-455-gc7d4c65 (webtiles) character file.

99707 M4edhros the Unseen (level 16, 0/89 HPs)
             Began as an Octopode Artificer on Oct 30, 2015.
             Was the Champion of Okawaru.
             Killed from afar by an ice dragon (23 damage)
             ... with a blast of cold
             ... on level 1 of the Depths on Dec 1, 2015.
             The game lasted 01:58:55 (36938 turns).

M4edhros the Unseen (Octopode Artificer)           Turns: 36938, Time: 01:59:00

Health: 0/89       AC:  8    Str: 12 (13) XL:     16   Next: 25%
Magic:  0/25       EV: 20    Int: 16      God:    Okawaru [******]
Gold:   1664       SH: 17    Dex: 14      Spells: 0 memorised, 18 levels left

rFire  + . .     SeeInvis +     g - +6 greatsling (flame)
rCold  + . .     Clarity  .     d - +0 large shield {AC+3}
rNeg   . . .     SustAt   .     J - +0 hat {Int+3}
rPois  +         Gourm    .     k - amulet of guardian spirit
rElec  +         Spirit   +     s - +4 ring of evasion
rCorr  .         Dsmss    .     u - ring of see invisible
rMut   .         Stasis   .     z - +3 ring of strength
MR     +++..                    I - ring of poison resistance
Stlth  ++++++++++               G - ring of protection from fire
                                S - ring of protection from cold
                                P - ring of wizardry
                                X - ring of stealth

@: hasted, studying Slings, very quick, extremely resistant to hostile
enchantments, uncannily stealthy
A: almost no armour, amphibious, 8 rings, constrict 8, rough black scales 1,
camouflage 1, blink, clumsy 2, deterioration 1, dopey 1, magic resistance 2,
electricity resistance, gelatinous body 1
a: Blink, Heroism, Finesse, Renounce Religion


You were on level 1 of the Depths.
You worshipped Okawaru.
Okawaru was exalted by your worship.
You were not hungry.

You visited 6 branches of the dungeon, and saw 27 of its levels.
You also visited: Bailey.

You collected 1664 gold pieces.

Inventory:

Hand Weapons
 a - a +0 short sword
 g - a +6 greatsling of flaming (weapon)
 T - a +1 hunting sling of velocity
Missiles
 l - 320 stones
 m - 20 steel sling bullets
 o - 40 sling bullets (quivered)
 y - 22 poisoned sling bullets
 B - 24 silver sling bullets
 H - 22 sling bullets of frost
 Q - 30 exploding sling bullets
Armour
 d - a +0 large shield of protection (worn)
 J - a +0 hat of intelligence (worn)
Jewellery
 k - an amulet of guardian spirit (around mantle)
 s - a +4 ring of evasion (left tentacle)
 u - a ring of see invisible (right tentacle)
 z - a +3 ring of strength (on tentacle)
 G - a ring of protection from fire (on tentacle)
 I - a ring of poison resistance (on tentacle)
 P - a ring of wizardry (on tentacle)
 S - a ring of protection from cold (on tentacle)
 X - a ring of stealth (on tentacle)
Wands
 b - a wand of slowing (15)
 c - a wand of enslavement (0)
 f - a wand of enslavement (15)
 i - a wand of draining (4)
 v - a wand of frost (15)
 U - a wand of teleportation (1)
Scrolls
 h - 4 scrolls of fog
 n - a scroll of fear
 p - a scroll of magic mapping
 C - 4 scrolls of recharging
 K - 2 scrolls of blinking
 Z - 4 scrolls of teleportation
Potions
 j - 2 potions of brilliance
 q - 5 potions of might
 t - a potion of heal wounds
 x - 3 potions of resistance
 F - 6 potions of curing
 M - 3 potions of haste
 Y - 3 potions of cure mutation
Books
 R - a manual of Slings
Miscellaneous
 r - a lamp of fire (inert)
 N - a box of beasts
 O - a sack of spiders {used: 1}
Comestibles
 e - 15 bread rations
 A - a royal jelly
 D - a slice of pizza
 L - a beef jerky
 V - 18 fruits


   Skills:
 - Level 1.0 Fighting
 - Level 1.0 Short Blades
 * Level 13.7 Slings
 + Level 11.1 Dodging
 * Level 20.6 Stealth
 * Level 11.8 Shields
 + Level 1.5 Spellcasting
 + Level 6.1 Invocations
 + Level 12.0 Evocations


You had 18 spell levels left.
You didn't know any spells.

Dungeon Overview and Level Annotations

Branches:
Dungeon (15/15)            Temple (1/1) D:4            Lair (8/8) D:8
  Swamp (1/4) Lair:3        Slime (0/6) Lair:7          Orc (1/4) D:9
 Vaults (0/5) D:13         Depths (1/5) D:15
  Snake: Lair:3-6    Spider: Lair:3-6

Altars:
Ashenzari
Cheibriados
Dithmenos
Elyvilon
Gozag
Kikubaaqudgha
Makhleb
Nemelex Xobeh
Okawaru
Qazlal
Ru
Sif Muna
Trog
Vehumet
Xom
Yredelemnul
Zin
The Shining One
Jiyva

Shops:
D:5 =}!=   D:11 *   D:13 }   D:14 }

Annotations:
D:3 Rayvis's ghost, amateur DsFi
D:4 Rayvis's ghost, amateur DsFi
D:9 1 runed door
D:13 1 exclusion


Innate Abilities, Weirdness & Mutations

You cannot wear most types of armour.
You are amphibious.
You can wear up to eight rings at the same time.
You can use your tentacles to constrict eight enemies at once.
Your skin changes colour to match your surroundings (Stealth).
Your rubbery body absorbs attacks (AC +1).
You are partially covered in rough black scales (AC +4, Dex -1).
You can translocate small distances at will.
You are very clumsy. (Dex -4)
Your body sometimes deteriorates upon taking damage.
You are dopey. (Int -2)
You are highly resistant to hostile enchantments.
You are resistant to electric shocks.


Message History

Press: ? - help, Shift-Dir - straight line, f - ice dragon, p - ice dragon
Aim: an ice dragon (heavily wounded)
Okay, then.
Quiver which item? (- for none, * to show all) (? for menu, Esc to quit)
Quivering
o - 40 sling bullets for slings.
Firing (i - inventory. (,) - cycle):
o - 40 sling bullets (quivered)
Press: ? - help, Shift-Dir - straight line, p - ice dragon
Okay, then.
You don't know any spells.
Drink which item? (? for menu, Esc to quit)
Okay, then.
Drink which item? (? for menu, Esc to quit)
You feel yourself speed up.
The merfolk javelineer throws a javelin of returning.
The javelin of returning hits you!!
* * * LOW HITPOINT WARNING * * *
The weapon returns to the merfolk javelineer!
The ice dragon breathes frost at you. The blast of cold hits you! You resist.
You die...

,,,(.,****,#........≈,,,*
,≈≈...,* *,..≈≈(...#,,,**
,≈≈≈..######......##,,,**
,≈≈...(..[.........#,,,,*
,,,....(..........#**,***
,,,,#...(..(.....## ***
≈,,*#........(.D..##
≈,,,*#..?..≈≈.(D...#
,,,,,#...#(m(..<@..#
,,,.......##.......#*
,,,.:.....#.........#*
,,,.m................#
,,,.≈≈≈≈≈≈..........##
,,,...≈≈≈...##...≈..#
,,,,.......#*#...≈.##
,,,,,.....#*,###...#*
≈≈≈,,.....*,,,**....*


You could see an ice dragon, a merfolk javelineer and a friendly ice dragon.

Vanquished Creatures
  Nessos (Lair:7)
  3 dire elephants (Lair:8)
  Snorg (Lair:6)
  A vault guard (D:13)
  A great orb of eyes (Lair:8)
  A yaktaur captain (D:15)
  15 hydras
  A catoblepas (Lair:5)
  An ogre mage (D:15)
  4 centaur warriors
  9 death yaks
  Urug (Lair:2)
  6 unseen horrors
  An orc knight (Bailey)
  9 hill giants
  An oklob plant (Lair:7)
  4 ugly things
  2 manticores
  A hornet (D:13)
  3 griffons
  6 black mambas
  Maurice (D:13)
  23 elephants
  12 spiny frogs
  2 torpor snails
  6 centaur skeletons
  A fire drake (Lair:8)
  9 komodo dragons
  2 yaktaurs (D:15)
  2 kobold demonologists (D:15)
  4 two-headed ogres
  3 polar bears
  29 blink frogs
  4 trolls
  Prince Ribbit (Lair:2)
  A raiju (shapeshifter) (D:15)
  A boulder beetle (Lair:6)
  A slime creature (D:13)
  A vampire (D:15)
  A wraith (D:6)
  A redback (D:13)
  A spriggan (D:7)
  A water elemental (Depths:1)
  2 deep elf magi
  5 basilisks
  56 yaks
  3 hungry ghosts
  23 wolves
  7 hippogriffs
  3 steam dragons
  A mottled dragon (D:11)
  2 soldier ants
  14 vampire mosquitoes
  4 sky beasts
  12 water moccasins
  2 phantoms
  3 wasps
  6 orc warriors
  3 black bears
  4 ice beasts
  3 eyes of draining
  11 porcupines
  4 centaurs
  11 ogres
  19 crocodiles
  14 killer bees
  3 boggarts (Depths:1)
  7 big kobolds
  15 giant frogs
  A gnoll sergeant (D:13)
  A wyvern zombie (D:11)
  A wyvern skeleton (D:13)
  19 wights
  3 scorpions
  An electric eel (Lair:7)
  5 centaur zombies
  5 hounds
  A wasp zombie (D:9)
  3 crimson imps
  4 giant frog zombies
  7 jellies
  11 orc wizards
  Crazy Yiuf (D:2)
  Ijyb (D:2)
  11 iguanas
  A giant frog skeleton (D:10)
  10 worker ants
  7 orc priests
  Natasha (thrice) (D:2)
  5 hell rats (Lair:7)
  30 sheep
  A hound skeleton (D:4)
  27 gnolls
  A worker ant zombie (D:9)
  58 river rats
  12 adders
  2 shadow imps
  2 oozes
  3 adder skeletons
  2 adder zombies (D:8)
  6 worms
  6 giant geckos
  53 orcs
  6 bats
  2 bat zombies (D:3)
  3 giant cockroaches
  10 goblins
  22 hobgoblins
  4 quokkas
  2 ball pythons
  A giant gecko zombie (D:5)
  2 giant newts
  28 kobolds
  A kobold zombie (D:9)
  13 rats
  A rat zombie (D:3)
  6 fungi
  8 plants
829 creatures vanquished.

Vanquished Creatures (collateral kills)
  A dire elephant (Lair:8)
  3 elephants (Lair:8)
  A manticore (D:14)
  A spiny frog (Lair:8)
  A yak (Lair:8)
  A spriggan (Lair:7)
  A wyvern (Lair:7)
  2 crocodiles
  A killer bee (D:7)
  An iguana (D:6)
  A worker ant (D:6)
  An orc wizard (D:14)
  A gnoll (D:2)
  A plant (Lair:8)
17 creatures vanquished.

Vanquished Creatures (others)
  A black mamba (Lair:6)
  An ogre (D:6)
  2 killer bees
  A crocodile (Lair:6)
  A giant frog (D:9)
  A gnoll (D:2)
  A giant eyeball (D:12)
  An orc (D:3)
  5 bushes
  65 fungi
  38 plants
117 creatures vanquished.

Grand Total: 963 creatures vanquished

Notes
Turn   | Place    | Note
--------------------------------------------------------------
     0 | D:1      | M4edhros the Octopode Artificer began the quest for the Orb.
     0 | D:1      | Reached XP level 1. HP: 13/13 MP: 3/3
   329 | D:2      | Reached XP level 2. HP: 13/18 MP: 0/4
   504 | D:2      | Reached skill level 4 in Evocations
   504 | D:2      | Reached XP level 3. HP: 8/23 MP: 3/6
   528 | D:2      | Gained mutation: You possess an exceptional clarity of mind. [potion of beneficial mutation]
   531 | D:2      | HP: 1/23 [poisoned by an adder]
   913 | D:2      | Noticed Ijyb
  1003 | D:3      | Noticed Rayvis's ghost (amateur DsFi)
  1267 | D:5      | Entered Level 5 of the Dungeon
  1325 | D:5      | Found Onturch's Jewellery Boutique.
  1384 | D:5      | Found Vuup's Distillery.
  1447 | D:5      | Found Ibycuf's Gadget Shop.
  1568 | D:5      | Noticed a wraith
  1608 | D:5      | Reached XP level 4. HP: 21/28 MP: 4/7
  1689 | D:5      | Found a burning altar of Makhleb.
  1929 | D:5      | Found Fobu's Jewellery Shoppe.
  2106 | D:4      | Reached skill level 5 in Stealth
  2188 | D:4      | Noticed Rayvis's ghost (amateur DsFi)
  2203 | D:4      | Noticed an ogre
  2209 | D:4      | Killed an ogre
  2209 | D:4      | Reached skill level 6 in Stealth
  2209 | D:4      | Reached XP level 5. HP: 33/33 MP: 8/8
  2264 | D:4      | Reached skill level 5 in Evocations
  2264 | D:4      | Reached XP level 6. HP: 25/38 MP: 7/9
  2350 | D:4      | Found a staircase to the Ecumenical Temple.
  2358 | Temple   | Entered the Ecumenical Temple
  2424 | Temple   | Became a worshipper of Warmaster Okawaru
  2512 | D:3      | Found a bloodstained altar of Trog.
  2513 | D:3      | Noticed an eye of draining
  2540 | D:3      | Killed an eye of draining
  2540 | D:3      | Reached skill level 1 in Slings
  2540 | D:3      | Reached skill level 7 in Stealth
  2812 | D:3      | Lost mutation: You possess an exceptional clarity of mind. [potion of cure mutation]
  2842 | D:3      | Found a stormy altar of Qazlal.
  2928 | D:2      | Reached XP level 7. HP: 43/43 MP: 10/10
  2959 | D:2      | Noticed Natasha
  2969 | D:2      | Killed Natasha
  2982 | D:2      | Noticed Natasha
  2988 | D:2      | Killed Natasha
  3113 | D:2      | Noticed Natasha
  3115 | D:2      | Killed Natasha
  3510 | D:2      | Killed Ijyb
  3642 | D:2      | Noticed Crazy Yiuf
  3647 | D:2      | Killed Crazy Yiuf
  4557 | D:3      | Found an ancient bone altar of Kikubaaqudgha.
  4936 | D:6      | Reached skill level 8 in Stealth
  5010 | D:6      | Got a twisted hand axe
  5011 | D:6      | Identified the +5 hand axe "Itechanong" {chop, rElec rPois MP+9} (You found it on level 6 of the Dungeon)
  5101 | D:6      | Reached * piety under Okawaru
  5133 | D:6      | Killed a wraith
  5133 | D:6      | Reached XP level 8. HP: 42/48 MP: 12/12
  5437 | D:6      | Noticed a steam dragon
  5457 | D:6      | Killed a steam dragon
  5457 | D:6      | Reached skill level 9 in Stealth
  5913 | D:7      | Reached ** piety under Okawaru
  6493 | D:7      | Reached skill level 5 in Slings
  6852 | D:7      | Reached skill level 10 in Stealth
  6852 | D:7      | Reached XP level 9. HP: 53/53 MP: 13/13
  6968 | D:8      | Reached *** piety under Okawaru
  6968 | D:8      | Received a gift from Okawaru
  7427 | D:8      | Noticed an elephant
  7477 | D:8      | Killed an elephant
  7477 | D:8      | Reached skill level 11 in Stealth
  7478 | D:8      | Found a staircase to the Lair.
  7551 | D:8      | Found a shimmering altar of Xom.
  7607 | D:8      | Reached skill level 5 in Dodging
  7820 | D:8      | Found a glowing golden altar of the Shining One.
  7939 | D:8      | Found a radiant altar of Vehumet.
  8477 | D:9      | Reached XP level 10. HP: 58/58 MP: 15/15
  8605 | D:9      | Reached skill level 12 in Stealth
  8636 | D:9      | Found a runed door.
  8766 | D:9      | Gained mutation: Your spells are a little harder to cast, but a little more powerful. [mutagenic meat]
  8767 | D:9      | Gained mutation: You are weak. (Str -2) [mutagenic meat]
  8768 | D:9      | Gained mutation: You are resistant to hostile enchantments. [mutagenic meat]
  8769 | D:9      | Gained mutation: You can translocate small distances at will. [mutagenic meat]
  8913 | D:9      | Reached **** piety under Okawaru
  9009 | D:9      | Found a staircase to the Orcish Mines.
  9211 | D:9      | Found a basalt altar of Yredelemnul.
  9511 | D:9      | Gained mutation: You are partially covered in rough black scales (AC +4, Dex -1). [mutagenic meat]
  9513 | D:9      | Lost mutation: You are weak. (Str -2) [mutagenic meat]
  9514 | D:9      | Gained mutation: You are resistant to electric shocks. [mutagenic meat]
  9625 | D:10     | Entered Level 10 of the Dungeon
 10032 | D:10     | Got a crude spear {vamp}
 10088 | D:10     | Found a flagged portal.
 10095 | Bailey   | Entered a bailey
 10271 | Bailey   | Noticed an orc knight
 10306 | Bailey   | Killed an orc knight
 10306 | Bailey   | Reached skill level 13 in Stealth
 10978 | D:9      | Reached ***** piety under Okawaru
 11489 | D:10     | Reached XP level 11. HP: 27/63 MP: 11/17
 11663 | D:10     | Reached skill level 14 in Stealth
 11669 | D:10     | Gained mutation: You are clumsy. (Dex -2) [mutagenic meat]
 11670 | D:10     | Gained mutation: Scrolls take you a little longer to read. [mutagenic meat]
 11825 | D:10     | Noticed a hill giant
 11986 | D:10     | Killed a hill giant
 11986 | D:10     | Received a gift from Okawaru
 11992 | D:10     | Lost mutation: You are partially covered in rough black scales (AC +4, Dex -1). [mutagenic meat]
 11994 | D:10     | Gained mutation: You are partially covered in rough black scales (AC +4, Dex -1). [mutagenic meat]
 11995 | D:10     | Gained mutation: You are highly resistant to hostile enchantments. [mutagenic meat]
 12812 | D:11     | Noticed a five-headed hydra
 12816 | D:11     | Found Xoleol's General Store.
 13167 | D:11     | Killed a five-headed hydra
 13460 | D:11     | Received a gift from Okawaru
 13771 | D:11     | Reached skill level 10 in Slings
 13776 | D:11     | Gained mutation: You are very clumsy. (Dex -4) [mutagenic meat]
 13777 | D:11     | Gained mutation: You are dopey. (Int -2) [mutagenic meat]
 13895 | D:11     | Received a gift from Okawaru
 14166 | D:11     | Reached skill level 15 in Stealth
 14624 | D:11     | Reached skill level 1 in Shields
 14840 | D:12     | Noticed a hill giant
 15083 | Lair:1   | Entered Level 1 of the Lair of Beasts
 15091 | Lair:1   | Reached XP level 12. HP: 45/68 MP: 12/19
 16182 | Lair:2   | Noticed Urug
 16333 | Lair:2   | Noticed a seven-headed hydra
 16355 | Lair:2   | Killed a seven-headed hydra
 16843 | Lair:2   | Noticed Prince Ribbit
 17078 | Lair:2   | Killed Prince Ribbit
 17164 | Lair:2   | Killed Urug
 17164 | Lair:2   | Reached skill level 16 in Stealth
 17657 | Lair:3   | Reached skill level 10 in Evocations
 18309 | Lair:3   | Identified the cursed +0 spear "Omelette" {vamp, *Rage Str+2 Int+2} (You took it off a goblin on level 10 of the Dungeon)
 18727 | Lair:3   | Received a gift from Okawaru
 18735 | Lair:3   | Found a staircase to the Swamp.
 18884 | Lair:3   | Reached skill level 5 in Shields
 19185 | Orc:1    | Entered Level 1 of the Orcish Mines
 19586 | Lair:4   | Received a gift from Okawaru
 19839 | Swamp:1  | Entered Level 1 of the Swamp
 20490 | Lair:4   | Noticed a five-headed hydra
 20501 | Lair:4   | Killed a five-headed hydra
 20501 | Lair:4   | Reached skill level 17 in Stealth
 20501 | Lair:4   | Reached XP level 13. HP: 41/72 MP: 12/21
 21152 | Lair:4   | Noticed an eight-headed hydra
 21162 | Lair:4   | Killed an eight-headed hydra
 22274 | Lair:6   | Reached skill level 18 in Stealth
 22720 | Lair:6   | Received a gift from Okawaru
 22939 | Lair:6   | Received a gift from Okawaru
 23115 | Lair:6   | Noticed Snorg
 23125 | Lair:6   | Killed Snorg
 24233 | Lair:7   | Reached XP level 14. HP: 24/79 MP: 8/22
 24454 | Lair:7   | Upgraded the game from 0.18-a0-1-gfac8111 to 0.18-a0-455-gc7d4c65
 24567 | Lair:7   | Noticed Nessos
 25012 | Lair:7   | Received a gift from Okawaru
 25120 | Lair:7   | Found a viscous altar of Jiyva.
 25120 | Lair:7   | Found a staircase to the Slime Pits.
 25300 | Lair:7   | Killed Nessos
 25300 | Lair:7   | Reached ****** piety under Okawaru
 25300 | Lair:7   | Received a gift from Okawaru
 25300 | Lair:7   | Reached skill level 1 in Invocations
 25419 | Lair:6   | Reached skill level 10 in Dodging
 25767 | Lair:7   | Reached skill level 19 in Stealth
 26005 | Lair:7   | Received a gift from Okawaru
 26209 | Lair:6   | Received a gift from Okawaru
 27800 | Lair:7   | Reached skill level 10 in Shields
 27822 | Lair:7   | Received a gift from Okawaru
 28003 | Lair:8   | Entered Level 8 of the Lair of Beasts
 28175 | Lair:8   | Received a gift from Okawaru
 28275 | Lair:8   | Received a gift from Okawaru
 28483 | Lair:8   | Received a gift from Okawaru
 28747 | Lair:8   | Reached XP level 15. HP: 32/83 MP: 11/23
 32320 | D:12     | Found a glowing golden altar of the Shining One.
 32323 | D:12     | Reached skill level 20 in Stealth
 32355 | D:12     | Received a gift from Okawaru
 32421 | D:12     | Found a shimmering altar of Xom.
 32428 | D:12     | Found a shimmering altar of Xom.
 32430 | D:12     | Found a shimmering altar of Xom.
 32430 | D:12     | Found a shimmering altar of Xom.
 32433 | D:12     | Found a shimmering altar of Xom.
 32743 | D:13     | Found Hijetiepn's Gadget Boutique.
 32746 | D:13     | Noticed Maurice
 32756 | D:13     | Found a gate to the Vaults.
 32776 | D:13     | Killed Maurice
 33213 | D:13     | Reached skill level 5 in Invocations
 33831 | D:13     | Gained mutation: Your body sometimes deteriorates upon taking damage. [mutagenic meat]
 34790 | D:14     | Found a sparkling altar of Nemelex Xobeh.
 35237 | D:14     | Received a gift from Okawaru
 35341 | D:14     | Found Difis's Gadget Shoppe.
 35397 | D:15     | Entered Level 15 of the Dungeon
 35676 | D:15     | Reached XP level 16. HP: 65/89 MP: 24/24
 35860 | D:15     | Reached skill level 1 in Spellcasting
 35869 | D:15     | Gained mutation: Your muscles are strong. (Str +2) [mutagenic meat]
 36222 | D:15     | Lost mutation: Your spells are a little harder to cast, but a little more powerful. [potion of mutation]
 36224 | D:15     | Lost mutation: Your muscles are strong. (Str +2) [potion of mutation]
 36224 | D:15     | Lost mutation: Scrolls take you a little longer to read. [potion of mutation]
 36670 | D:15     | Found a staircase to the Depths.
 36814 | D:15     | Found a glowing golden altar of the Shining One.
 36896 | Depths:1 | Entered Level 1 of the Depths
 36938 | Depths:1 | Killed from afar by an ice dragon

Vault maps used:
D:1:      mrwooster_arrival_statue_2, nrook_mini_vaults, serial_bayou_crossing
D:2:      uniq_natasha, uniq_iyjb, uniq_crazy_yiuf_cottage
D:3:      trog_eyes_of_draining, lemuel_zombie_altar_kikubaaqudgha,
          nicolae_qazlal_general_emergency
D:4:      old_forge, fedhas_altar_fruit_tree,
          minmay_temple_entry_statues_pillars, first_bread
D:5:      kennysheep_big_flooded_room, lemuel_coloured_pillars_altar,
          serial_shops, nicolae_shop_trees, shop, shop, shop
D:7:      glass_columns_c, the_bakery
D:8:      minitemple, david_lair_generic, basic_altar
D:9:      orc_0_dummy, dk_yredelemnul_ordeal
D:10:     enter_bailey_3
D:11:     serial_shops, shop
D:12:     basic_altar, xom_redecorated
D:13:     minmay_wavy_crystal, erik_vaults_2, serial_shops, shop,
          serial_bayou_pond_c, uniq_maurice
D:14:     serial_shops, shop, nemelex_xobeh_ov_fountains_minmay
D:15:     grunt_enter_depths_snipers, nicolae_tso_swordbearing_angel
Temple:   circular_temple_12
Lair:2:   uniq_urug, uniq_prince_ribbit2
Lair:3:   swamp_mist
Lair:4:   bh_autumn_forest_stairs
Lair:5:   minmay_snake_entry_spellcaster, enter_volcano_4
Lair:6:   nicolae_quartered_pool_medium, kennysheep_basilisk_garden,
          lemuel_fruit_tree, uniq_snorg
Lair:7:   minmay_lair_oklob_chamber, slime_altar_1,
          grunt_forest_stairs_clearing, serial_bayou_shore_a, uniq_nessos
Lair:8:   due_jungle_book, wad_woods_road_05
Swamp:1:  hangedman_swamp_blocks, swamp_pool4, nicolae_swamp_hydra_murder_den
Depths:1: enter_ziggurat_f, lightli_enter_wizlab_magi_temple, hellmouth_1,
          tgw_lugonu_bribe
Bailey:   bailey_axe_2, bailey

Action                   |  1- 3 |  4- 6 |  7- 9 | 10-12 | 13-15 | 16-18 || total
-------------------------+-------+-------+-------+-------+-------+-------++-------
Melee: Short sword       |    31 |       |    19 |   436 |   192 |       ||   678
       Spear             |    34 |    68 |    44 |   117 |       |       ||   263
       Greatsling        |       |       |       |       |    58 |       ||    58
 Fire: Hunting sling     |       |    41 |   575 |  1352 |   342 |       ||  2310
       Greatsling        |       |       |       |       |  1841 |   236 ||  2077
Invok: Heroism           |       |       |     1 |     2 |     1 |       ||     4
Evoke: Wand              |    13 |     4 |    17 |    75 |    43 |     4 ||   156
       Lamp of fire      |       |       |       |       |     2 |     1 ||     3
       Sack of spiders   |       |       |       |       |     4 |       ||     4
  Use: Scroll            |     7 |     1 |     5 |    13 |     7 |     1 ||    34
       Potion            |     3 |     4 |     1 |    11 |     7 |     3 ||    29
 Stab: Sleeping          |     7 |     4 |     9 |    25 |    16 |       ||    61
       Distracted        |       |       |     2 |     2 |       |       ||     4
       Confused          |       |       |     1 |     4 |       |       ||     5
       Paralysed         |       |       |       |     3 |     8 |       ||    11
  Eat: Chunk             |     1 |     6 |    14 |    54 |    13 |     6 ||    94
       Pizza             |       |       |     1 |       |     1 |       ||     2
       Beef jerky        |       |       |     1 |       |       |       ||     1
       Meat ration       |       |       |       |     3 |     5 |       ||     8
       Bread ration      |       |       |       |       |     1 |     1 ||     2
